 Dungeon Crawl Stone Soup version 0.31-a0-1074-g0b22e4e0f1 (webtiles) character file.

Game seed: 13032335748289424525

6008 Jeffwins the Skirmisher (level 10, -4/51 HPs)
             Began as a Vine Stalker Hexslinger on Dec 6, 2023.
             Was a Believer of Vehumet.
             Slain by Snorg (12 damage)
             ... on level 11 of the Dungeon.
             The game lasted 00:18:21 (9827 turns).

Jeffwins the Skirmisher (Vine Stalker Hexslinger)   Turns: 9827, Time: 00:18:22

Health: -4/51      AC:  7    Str: 11    XL:     10   Next: 85%
Magic:  0/19       EV: 13    Int: 23    God:    Vehumet [**....]
Gold:   615        SH:  0    Dex: 23    Spells: 13/19 levels left

rFire   . . .        a - +0 orcbow (drain)
rCold   . . .        (shield currently unavailable)
rNeg    . . .        u - +2 robe {Will+}
rPois   .            (no helmet)
rElec   .            y - +0 cloak
rCorr   .            l - +1 pair of gloves
SInv    .            (no boots)
Will    ++...        B - amulet of the acrobat
Stlth   +++          I - +6 ring of intelligence
HPRegen 1.08/turn    X - +6 ring of dexterity
MPRegen 0.16/turn

%: acrobat, guardian spirit
@: portalling projectiles
A: fangs 3, regeneration 1, magic shield, antimagic bite, no potion heal 2
a: Renounce Religion


You were on level 11 of the Dungeon.
You worshipped Vehumet.
Vehumet was pleased with you.
You visited 1 branch of the dungeon, and saw 11 of its levels.

You collected 615 gold pieces.


Innate Abilities, Weirdness & Mutations

You have razor-sharp teeth.
Your natural rate of healing is unusually fast.
When hurt, damage is shared between your health and your magic reserves.
Your bite disrupts and absorbs the magic of your enemies.
Potions cannot restore your health.


   Skills:
 + Level 5.0 Fighting
 * Level 8.8 Ranged Weapons
 - Level 2.0 Dodging
 - Level 5.0 Stealth
 - Level 3.0 Shields
 + Level 5.3 Spellcasting
 + Level 6.0 Hexes
 + Level 5.0 Translocations
 - Level 1.0 Fire Magic
 + Level 4.3 Evocations


You had 13 spell levels left.
You knew the following spells:

 Your Spells              Type           Power      Damage    Failure   Level
x - Poisonous Vapours     Pois/Air       12%        N/A       14%         2
z - Dimensional Bullseye  Hex/Tloc       15%        N/A       10%         4

Your spell library contained the following spells:

 Spells                   Type           Power      Damage    Failure   Level
 Jinxbite                 Hex            66%        N/A       1%          2
 Lesser Beckoning         Tloc           58%        N/A       1%          2
 Sigil of Binding         Hex            33%        N/A       2%          3
 Tukima's Dance           Hex            33%        N/A       2%          3
 Gell's Gravitas          Tloc           29%        N/A       3%          3
 Teleport Other           Tloc           29%        N/A       3%          3
 Inner Flame              Hex/Fire       22%        N/A       6%          3
 Cause Fear               Hex            16%        N/A       8%          4
 Iskenderun's Mystic Bla  Conj/Tloc      17%        2d5       32%         4
 Flame Wave               Conj/Fire      8%         2d5       58%         4
 Sticky Flame             Conj/Fire      8%         2d3       58%         4

Inventory:

Hand Weapons
 a - a +0 orcbow of draining (weapon)
 b - a +2 dagger of venom
 c - the +1 hand axe "Plojy" {venom, rElec Str+2 SInv}
   (You found it on level 4 of the Dungeon)

   Str+2:     It affects your strength (+2).
   rElec:     It insulates you from electricity.
   SInv:      It lets you see invisible.
 D - a +4 mace of freezing
 E - a +4 great sword
 H - a +0 shortbow
 K - a +1 sling
Missiles
 N - a throwing net {=f}
Armour
 l - a +1 pair of gloves (worn)
 m - a +0 buckler
 u - a +2 robe of willpower (worn)
 y - a +0 cloak (worn)
 M - an orb of light
Jewellery
 i - a +6 ring of intelligence
 w - a ring of magical power
 B - an amulet of the acrobat (around neck)
 I - a +6 ring of intelligence (left hand)
 P - a ring of poison resistance
 W - a ring of magical power
 X - a +6 ring of dexterity (right hand)
Wands
 F - a wand of flame (33)
Scrolls
 f - a scroll of vulnerability {!r}
 g - 2 scrolls of fear
 h - a scroll of silence {!r}
 j - 2 scrolls of amnesia
 k - 3 scrolls of torment {unknown}
 o - a scroll of enchant weapon
 q - 4 scrolls of teleportation {@r4}
 s - 2 scrolls of noise {!r}
 v - 3 scrolls of enchant armour
 G - a scroll of immolation {unknown}
 L - 3 scrolls of poison {!r}
Potions
 d - 7 potions of lignification {unknown}
 e - 8 potions of curing {unknown}
 n - 2 potions of might {unknown}
 p - a potion of mutation {unknown}
 t - 2 potions of berserk rage {unknown}
 x - 2 potions of magic {unknown}
 z - a potion of heal wounds {unknown}
 A - 3 potions of enlightenment {unknown}
 C - a potion of ambrosia {unknown}
 J - 2 potions of attraction {unknown}

Dungeon Overview and Level Annotations

Branches:
Dungeon (11/15)            Temple (0/1) D:5            Lair (0/5) D:9
    Orc: D:9-12

Altars:
Dithmenos
Elyvilon
Gozag
Hepliaklqana
Okawaru
Ru
Uskayaw
Vehumet
Yredelemnul
Zin

Annotations:
D:11 Snorg

#.########.#.#
##..
#.#........#§#
##Y
#.#.########§#
.
#.........§§§#
.
########...§§#
. ###.§§# .
###§# . #§# .
#@# #T# #§#
#§# #.# §§§
#§§☼. .☼§§.#
.......


You could see Snorg (berserk, extremely poisoned, drained, bullseye target).


Message History

You shoot an arrow. The arrow hits Snorg!
Snorg is moderately wounded.
Snorg is engulfed in poison gas.
Snorg looks even sicker.
Unknown command.
You shoot an arrow. The arrow barely misses Snorg.
Snorg is engulfed in poison gas.
Snorg looks even sicker.
Snorg is engulfed in poison gas.
Snorg looks as sick as possible!
Snorg bites you. Snorg claws you but does no damage. Snorg closely misses you.
Unknown command.
You shoot an arrow. The arrow hits Snorg!
Snorg is heavily wounded.
Snorg is engulfed in poison gas.
Snorg looks as sick as possible!
Snorg barely misses you. Snorg claws you but does no damage. Snorg claws you.
Snorg is engulfed in poison gas.
Snorg looks as sick as possible!
Snorg bites you. Snorg misses you. Snorg barely misses you.
Unknown command.
You shoot an arrow. The arrow hits Snorg!!
You drain Snorg.
Snorg is severely wounded.
Snorg is engulfed in poison gas.
Snorg looks as sick as possible!
Snorg bites you. Snorg barely misses you. Snorg closely misses you.
Unknown command.
You shoot an arrow. The arrow closely misses Snorg.
Snorg is engulfed in poison gas.
Snorg looks as sick as possible!
Snorg misses you.
Snorg claws you! x2; Snorg is engulfed in poison gas.
Snorg looks as sick as possible!
Snorg bites you!
* * * LOW HITPOINT WARNING * * *
Snorg claws you!
* * * LOW HITPOINT WARNING * * *
Snorg claws you!
You die...

Skill      XL: |  1  2  3  4  5  6  7  8  9 10 |
---------------+-------------------------------+-----
Ranged Weapons | 2 3 5 6 7 8 |  8.8
Evocations     | 2 3 4 |  4.3
Fighting       | 1 2 3 4 5 |  5.0
Stealth        | 1 2 4 5 |  5.0
Dodging        | 2 |  2.0
Translocations | 1 2 4 5 |  5.0
Spellcasting   | 2 3 4 5 |  5.3
Hexes          | 4 5 6 |  6.0
Shields        | 1 2 3 |  3.0
Fire Magic     | |  1.0

Action                     |  1- 3 |  4- 6 |  7- 9 | 10-12 || total
---------------------------+-------+-------+-------+-------++-------
  Melee: Hand axe          |       |     7 |       |       ||     7
         Dagger            |       |     6 |    61 |    18 ||    85
         Bite              |       |     4 |    25 |     5 ||    34
   Fire: Sling             |   102 |   134 |   401 |   143 ||   780
         Orcbow            |       |       |       |    25 ||    25
   Cast: Poisonous Vapours |       |       |     4 |       ||     4
         Dimensional Bulls |       |       |     1 |     7 ||     8
  Evoke: Wand              |       |       |     6 |     7 ||    13
    Use: Scroll            |       |       |     9 |     3 ||    12
   Stab: Paralysed         |       |       |     1 |     4 ||     5
         Sleeping          |       |       |     1 |       ||     1
 Armour: Robe              |    32 |    31 |   170 |    61 ||   294
  Dodge: Dodged            |    42 |    42 |   152 |    73 ||   309

Levels and vault maps discovered:
D:1:      lemuel_arrival_broad_hall, layout_loops_ring,
          hangedman_decor_clover_reticule
D:2:      kennysheep_big_flooded_room, layout_basic, basic_ecumenical_altar
D:3:      layout_basic, mainiacjoe_overflow_six_doors_small,
          hangedman_abyss_or_decor_stabs, uniq_sigmund
D:4:      layout_cave_pools, nicolae_elyvilon_temple_path,
          mainiacjoe_overflow_big_doors, ebering_ghost_reflecting_pool
D:5:      layout_basic, minmay_temple_entry_arrows, dreamdust_gnoll_farm
D:6:      layout_gridville, uniq_menkaure
D:7:      layout_loops_corners, riverfiend_overflow_shadow_ancestor,
          zin_statuary
D:8:      layout_basic, yredelemnul_altar_generic, grunt_gozag_breadcrumbs,
          uniq_maurice
D:9:      layout_basic, nicolae_ru_sacrificial_ziggurat, dpeg_oklobed_lair
D:10:     layout_roguey, serial_glass, glass_columns_a, glass_columns_a
D:11:     layout_rooms, minivault_27, minmay_evil_grid, uniq_josephine,
          uniq_snorg

Notes
Turn   | Place    | Note
-------+----------+-------------------------------------------
     0 | D:1      | Jeffwins the Vine Stalker Hexslinger began the quest for
                  | the Orb.
     0 | D:1      | Reached XP level 1. HP: 9/9 MP: 3/3
    40 | D:1      | Reached skill level 2 in Ranged Weapons
    57 | D:1      | Reached XP level 2. HP: 14/14 MP: 4/4
   180 | D:1      | Reached skill level 3 in Ranged Weapons
   220 | D:1      | Reached XP level 3. HP: 17/17 MP: 5/5
   714 | D:2      | Reached XP level 4. HP: 21/21 MP: 6/6
   795 | D:2      | Reached skill level 4 in Ranged Weapons
  1108 | D:2      | Found a faded altar of an unknown god.
  1772 | D:3      | Noticed Sigmund
  1835 | D:3      | Killed Sigmund
  1836 | D:3      | Reached skill level 5 in Ranged Weapons
  1836 | D:3      | Reached skill level 2 in Evocations
  1836 | D:3      | Reached XP level 5. HP: 25/25 MP: 7/7
  1836 | D:3      | Reached XP level 6. HP: 29/29 MP: 8/8
  2014 | D:3      | Found a radiant altar of Vehumet.
  2019 | D:3      | Became a worshipper of Vehumet
  2083 | D:3      | Learned a level 4 spell: Dimensional Bullseye
  2220 | D:3      | Reached skill level 1 in Fighting
  2645 | D:4      | Found an iron altar of Okawaru.
  2661 | D:4      | Identified the +1 hand axe "Plojy" {venom, rElec Str+2
                  | SInv}
  2686 | D:4      | Reached skill level 1 in Stealth
  2741 | D:4      | Found a runed translucent door.
  2780 | D:4      | You fall into a shaft and drop 2 floors!
  2886 | D:5      | Entered Level 5 of the Dungeon
  2893 | D:5      | Reached XP level 7. HP: 28/33 MP: 10/10
  2948 | D:5      | Reached * piety under Vehumet
  2948 | D:5      | Offered knowledge of Freeze by Vehumet.
  2949 | D:5      | Reached skill level 2 in Dodging
  2949 | D:5      | Reached skill level 1 in Translocations
  3222 | D:4      | Found a hide-covered altar of Uskayaw.
  3292 | D:4      | Found a white marble altar of Elyvilon.
  3316 | D:4      | Noticed pigah's ghost (amateur OpSh)
  3327 | D:4      | Killed pigah's ghost
  3414 | D:5      | Found a staircase to the Ecumenical Temple.
  3480 | D:5      | Reached skill level 2 in Stealth
  3632 | D:5      | Reached skill level 2 in Spellcasting
  3743 | D:5      | Reached skill level 2 in Fighting
  4224 | D:6      | Reached skill level 6 in Ranged Weapons
  4224 | D:6      | Gained mutation: You have razor-sharp teeth. [Vine Stalker
                  | growth]
  4224 | D:6      | Reached XP level 8. HP: 39/39 MP: 12/12
  4425 | D:6      | Reached skill level 2 in Translocations
  4458 | D:6      | Reached skill level 3 in Stealth
  4458 | D:6      | Reached skill level 3 in Evocations
  4607 | D:6      | Noticed Menkaure
  4618 | D:6      | Killed Menkaure
  4619 | D:6      | Reached skill level 4 in Hexes
  4966 | D:7      | Reached skill level 3 in Spellcasting
  5088 | D:7      | Reached ** piety under Vehumet
  5088 | D:7      | Offered knowledge of Poisonous Vapours by Vehumet.
  5093 | D:7      | Learned a level 2 spell: Poisonous Vapours
  5143 | D:7      | Reached skill level 3 in Fighting
  5143 | D:7      | Reached skill level 4 in Stealth
  5359 | D:7      | Found a glowing silver altar of Zin.
  5387 | D:7      | Reached skill level 1 in Shields
  5387 | D:7      | Reached XP level 9. HP: 36/44 MP: 9/14
  5542 | D:7      | Reached skill level 3 in Translocations
  5729 | D:7      | Reached skill level 7 in Ranged Weapons
  5923 | D:7      | Found a hazy altar of Hepliaklqana.
  5924 | D:7      | Found a shadowy altar of Dithmenos.
  6522 | D:8      | Found a basalt altar of Yredelemnul.
  6621 | D:8      | Found an opulent altar of Gozag.
  6670 | D:8      | Reached skill level 2 in Shields
  6848 | D:8      | Noticed Maurice
  6854 | D:8      | Maurice stole a +6 ring of intelligence
  6859 | D:8      | Maurice stole 443 gold
  6868 | D:8      | Maurice stole the +1 hand axe "Plojy" {venom, rElec Str+2
                  | SInv}
  6872 | D:8      | Killed Maurice
  6873 | D:8      | Reached skill level 5 in Stealth
  6873 | D:8      | Reached skill level 4 in Spellcasting
  7184 | D:9      | Reached skill level 5 in Hexes
  7288 | D:9      | Found a staircase to the Lair.
  7540 | D:9      | Found a sacrificial altar of Ru.
  8004 | D:10     | Entered Level 10 of the Dungeon
  8035 | D:10     | Reached skill level 4 in Fighting
  8130 | D:9      | Reached skill level 4 in Translocations
  8130 | D:9      | Reached XP level 10. HP: 47/49 MP: 17/17
  8521 | D:9      | Reached skill level 8 in Ranged Weapons
  8599 | D:10     | Reached skill level 3 in Shields
  8945 | D:10     | Noticed a two-headed ogre
  8952 | D:10     | Killed a two-headed ogre
  9367 | D:10     | Reached skill level 5 in Spellcasting
  9687 | D:11     | Reached skill level 4 in Evocations
  9694 | D:11     | Noticed Josephine
  9791 | D:11     | Killed Josephine
  9792 | D:11     | Reached skill level 5 in Translocations
  9801 | D:11     | Reached skill level 5 in Fighting
  9801 | D:11     | Reached skill level 6 in Hexes
  9816 | D:11     | Noticed Snorg
  9827 | D:11     | Slain by Snorg

Vanquished Creatures
  Josephine (D:11)
  A two-headed ogre (D:10)
  Maurice (D:8)
  Sigmund (D:3)
  A shadow (D:11)
  6 yaks
  2 wraiths (D:11)
  Menkaure (D:6)
  The ghost of pigah the Changeling, an amateur OpSh (D:4)
  2 water moccasins (D:7)
  A sky beast (D:8)
  A black bear (D:6)
  4 orc warriors
  2 centaurs (D:9)
  A phantom (D:6)
  2 gnoll sergeants
  4 scorpions
  9 wights
  3 howler monkeys
  2 orc priests
  A jelly (D:6)
  4 hounds (D:5)
  A sleepcap (D:5)
  2 iguanas
  6 orc wizards
  16 gnolls
  10 adders
  2 shadow imps
  A white imp (D:7)
  2 worms
  2 dart slugs
  23 orcs
  6 ball pythons
  8 endoplasms
  5 giant cockroaches
  5 goblins
  6 hobgoblins
  3 jackals (D:1)
  5 kobolds
  5 quokkas
  7 bats
  3 frilled lizards
  5 rats
174 creatures vanquished.

Table legend: (Time is in decaauts)
 A = Elapsed time spent in this place.
 B = Non-inter-level travel time spent in this place.
 C = Inter-level travel time spent in this place.
 D = Time resting spent in this place.
 E = Time spent auto-exploring this place.
 F = Levels seen in this place.
 G = Mean time per level.
                   A        B        C        D        E       F      G
               +--------+--------+--------+--------+--------+-----+--------+
         Total |   9902 |   9451 |    451 |    909 |   6724 |  11 |  900.2 |
       Dungeon |   9902 |   9451 |    451 |    909 |   6724 |  11 |  900.2 |
               +--------+--------+--------+--------+--------+-----+--------+

Top non-repeatable levels by time:
     D:7: 1298 daAuts
     D:2: 1164 daAuts
     D:9: 1163 daAuts
    D:10: 1150 daAuts
     D:5: 937 daAuts
     D:8: 936 daAuts
     D:6: 811 daAuts
     D:3: 788 daAuts
     D:1: 645 daAuts
     D:4: 630 daAuts
    D:11: 377 daAuts

Table legend:
 A = Non-vault XP
 B = Vault XP
 C = Vault XP percentage of total XP
 D = Non-vault monster count
 E = Vault monster count
 F = Vault count percentage of total count
                 A         B        C        D         E       F
            +---------+---------+-------+---------+---------+-------
      Total |    6007 |    2576 |  30.0 |     160 |      14 |   8.0
            +---------+---------+-------+---------+---------+-------
        D:1 |      48 |       0 |   0.0 |      25 |       0 |   0.0
        D:2 |      71 |       3 |   4.1 |      19 |       2 |   9.5
        D:3 |      60 |     239 |  79.9 |      16 |       1 |   5.9
        D:4 |     168 |     162 |  49.1 |      12 |       1 |   7.7
        D:5 |     257 |     130 |  33.6 |       7 |       5 |  41.7
        D:6 |     606 |     172 |  22.1 |      19 |       1 |   5.0
        D:7 |     904 |       0 |   0.0 |      20 |       0 |   0.0
        D:8 |     748 |     532 |  41.6 |      17 |       1 |   5.6
        D:9 |    1289 |       0 |   0.0 |      11 |       0 |   0.0
       D:10 |    1637 |       0 |   0.0 |      13 |       0 |   0.0
       D:11 |     219 |    1338 |  85.9 |       1 |       3 |  75.0
            +---------+---------+-------+---------+---------+-------
